 Dungeon Crawl Stone Soup version 0.29-a0-872-g797fff5ad1 (webtiles) character file.

Game seed: 15489809135663277593

419 clackabat the Spear-Bearer (level 6, 0/50 HPs)
             Began as a Merfolk Gladiator on July 19, 2022.
             Succumbed to a scorpion's poison
             ... on level 5 of the Dungeon.
             The game lasted 00:07:40 (3882 turns).

clackabat the Spear-Bearer (Merfolk Gladiator)      Turns: 3882, Time: 00:07:41

Health: 0/50       AC:  6    Str: 11 (14) XL:     6   Next: 93%
Magic:  6/6        EV: 12    Int:  7 (10) God:
Gold:   264        SH:  0    Dex: 13 (15) Spells: 5/5 levels left

rFire   . . .      SeeInvis .   a - +0 trident
rCold   . . .      Faith    .   (no shield)
rNeg    . . .      Spirit   .   b - +0 leather armour
rPois   .          Reflect  .   c - +0 helmet
rElec   .          Harm     .   m - +0 cloak
rCorr   .          Rampage  .   (no gloves)
Will    .....                   h - +0 pair of boots
Stlth   +.........              (no amulet)
HPRegen 0.16/turn               t - +4 ring of slaying
MPRegen 0.10/turn               (no ring)

@: confused, lethally poisoned (0 -> -11), attractive
A: (nimble swimmer 2), mertail
a: no special abilities


You were on level 5 of the Dungeon.
You visited 1 branch of the dungeon, and saw 5 of its levels.

You collected 264 gold pieces.

Inventory:

Hand Weapons
 a - a +0 trident (weapon)
Missiles
 d - 3 throwing nets
 e - a javelin
 f - 2 boomerangs
 o - 15 poisoned darts (quivered)
Armour
 b - a +0 leather armour (worn)
 c - a +0 helmet (worn)
 h - a +0 pair of boots (worn)
 m - a +0 cloak (worn)
Jewellery
 t - a +4 ring of slaying (left hand)
Scrolls
 g - a scroll of enchant weapon {unknown}
 k - 3 scrolls of fog {unknown}
 l - 2 scrolls of identify {unknown}
 n - a scroll of vulnerability {unknown}
 p - a scroll of enchant armour {unknown}
 q - a scroll of teleportation {unknown}
 v - 3 scrolls of magic mapping {unknown}
 w - a scroll of blinking {unknown}
 x - a scroll of brand weapon {unknown}
 y - a scroll of fear {unknown}
Potions
 j - a potion of attraction
 r - a potion of flight {unknown}
 s - a potion of lignification {unknown}
 u - a potion of degeneration
 z - a potion of curing {unknown}
 A - a potion of might {unknown}


   Skills:
 + Level 4.8 Fighting
 * Level 8.5 Polearms
 - Level 2.0 Throwing
 - Level 4.0 Dodging


You had 5 spell levels left.
You didn't know any spells.
Your spell library contained the following spells:

 Spells                   Type           Power      Damage    Failure   Level
 Shock                    Conj/Air       0%         1d3       52%         1
 Ignite Poison            Fire/Tmut/Pois 0%         N/A       88%         3
 Mephitic Cloud           Conj/Pois/Air  0%         N/A       88%         3
 Swiftness                Air            0%         N/A       88%         3
 Airstrike                Air            0%         0-1+      99%         4
 Freezing Cloud           Conj/Ice/Air   0%         6-21      100%        5


Dungeon Overview and Level Annotations

Branches:
Dungeon (5/15)
 Temple: D:4-7

Altars:
Okawaru


Innate Abilities, Weirdness & Mutations

((You are very nimble when in or above water. (Stealth+, EV+, Speed+++)))
Your lower body shifts to a powerful aquatic tail in water.


Message History

You feel attractive to monsters.
You feel sick.
The orc wizard hits you with a +0 dagger.
The scorpion closely misses you. The orc hits you with a +0 flail.
* * * LOW HITPOINT WARNING * * *
An orc wizard comes into view. It is wielding a +0 dagger.
The orc zaps a wand.
Your will is overpowered!
You are more confused.
The orc wizard is attracted toward you.
It was a potion of degeneration.
There was something very wrong with that liquid.
You feel weakened.
You feel dopey.
You feel clumsy.
You feel sick.
You are no longer poisoned.
The orc wizard shouts!
You hear a shout!
The orc wizard casts a spell.
The orc wizard flickers and vanishes!
Deactivating autopickup; reactivate with Ctrl-A.
The scorpion closely misses you. Something hits you.
* * * LOW HITPOINT WARNING * * *
The orc closely misses you.
An orc comes into view. It is wielding a +1 dagger of venom.
The orc hits you but does no damage.
You hear a shout!
The orc wizard is attracted toward you. The worm is attracted toward you.
The orc is attracted toward you.
It was a potion of magic.
Magic courses through your body. Something hits you.
* * * LOW HITPOINT WARNING * * *
The scorpion stings you.
* * * LOW HITPOINT WARNING * * *
You are lethally poisoned!
The scorpion poisons you! The orc closely misses you.
The orc barely misses you. The worm is attracted toward you.
Okay, then.
You are too confused!
Unknown command.
The scorpion attacks as you move away! The scorpion barely misses you.
The orc attacks as you move away! The orc hits you with a +0 flail.
* * * LOW HITPOINT WARNING * * *
You die...

##.#######.##...##
###>.#.#.#........<##
#.#....#.........#...
###.).......##.....#...
#...###....####.#..#...
###..##....#.#..#......
##...#................
#.....................
###.{.@.......)....####
#..os(....##....... ##
#..woo#....##.......##.
........§####....#
...^...#.. .......§...
#...... #. #.....
...##......#..##...#
##.... .# #.......#..
.##. .#.....
.o.o.....##. .# ..
....... ..........
...##..


You could see a worm, a scorpion, an orc wizard and 2 orcs.

Vanquished Creatures
  An ogre (D:4)
  A kobold brigand (D:3)
  A scorpion (D:4)
  An iguana (D:5)
  An orc wizard (D:4)
  6 adders
  2 worms (D:3)
  6 dart slugs
  9 orcs
  9 ball pythons
  3 bats
  6 endoplasms
  5 giant cockroaches
  7 goblins
  6 hobgoblins
  7 kobolds
  5 quokkas
  7 frilled lizards
  2 rats
85 creatures vanquished.

Vanquished Creatures (others)
  An orc (D:4)
  A quokka (D:4)
2 creatures vanquished.

Grand Total: 87 creatures vanquished

Notes
Turn   | Place    | Note
-------+----------+-------------------------------------------
     0 | D:1      | clackabat the Merfolk Gladiator began the quest for the
                  | Orb.
     0 | D:1      | Reached XP level 1. HP: 16/16 MP: 1/1
   283 | D:1      | Reached XP level 2. HP: 23/23 MP: 2/2
   480 | D:1      | Reached skill level 5 in Polearms
   480 | D:1      | Reached XP level 3. HP: 16/28 MP: 3/3
  1058 | D:2      | Found a faded altar of an unknown god.
  1221 | D:2      | Reached XP level 4. HP: 29/35 MP: 4/4
  1239 | D:2      | Reached skill level 6 in Polearms
  1999 | D:3      | Noticed a kobold brigand
  2012 | D:3      | Killed a kobold brigand
  2013 | D:3      | Reached XP level 5. HP: 28/42 MP: 5/5
  2166 | D:3      | Found an iron altar of Okawaru.
  2296 | D:3      | Reached skill level 7 in Polearms
  3017 | D:4      | Noticed an ogre
  3026 | D:4      | Killed an ogre
  3027 | D:4      | Reached XP level 6. HP: 19/49 MP: 6/6
  3408 | D:4      | Reached skill level 8 in Polearms
  3705 | D:5      | Entered Level 5 of the Dungeon
  3882 | D:5      | Succumbed to a scorpion's poison

Illustrated notes

Levels and vault maps discovered:
D:1:      pf_arrival_petrified_forest, layout_basic
D:2:      layout_basic, ebering_ecumenical_altar_mist,
          nicolae_concentric_dashed_squares_wild
D:3:      layout_basic, lemuel_doored_altar
D:4:      layout_rooms, lemuel_old_faithful
D:5:      layout_cave_pools, minmay_misc_feat_tiny

Skill      XL: |  1  2  3  4  5  6 |
---------------+-------------------+-----
Polearms       | 5 6 7 8 |  8.5
Fighting       | 3 4 |  4.8
Throwing       | |  2.0
Dodging        | |  4.0

Action                   |  1- 3 |  4- 6 || total
-------------------------+-------+-------++-------
Melee: Trident           |   120 |   158 ||   278
       Punch             |     3 |     2 ||     5
Throw: Javelin           |       |     1 ||     1
       Dart              |       |     3 ||     3
       Throwing net      |       |     3 ||     3
  Use: Potion            |       |     3 ||     3
 Stab: Sleeping          |     2 |     4 ||     6
Armor: Leather armour    |    36 |    31 ||    67
Dodge: Dodged            |    93 |    74 ||   167

Table legend: (Time is in decaauts)
 A = Elapsed time spent in this place.
 B = Non-inter-level travel time spent in this place.
 C = Inter-level travel time spent in this place.
 D = Time resting spent in this place.
 E = Time spent auto-exploring this place.
 F = Levels seen in this place.
 G = Mean time per level.
                   A        B        C        D        E       F      G
               +--------+--------+--------+--------+--------+-----+--------+
         Total |   3878 |   3543 |    335 |    818 |   2126 |   5 |  775.6 |
       Dungeon |   3878 |   3543 |    335 |    818 |   2126 |   5 |  775.6 |
               +--------+--------+--------+--------+--------+-----+--------+

Top non-repeatable levels by time:
     D:2: 1002 daAuts
     D:1: 1001 daAuts
     D:3: 960 daAuts
     D:4: 739 daAuts
     D:5: 175 daAuts
